 Dungeon Crawl Stone Soup version 0.30-a0-691-g754fce4c43 (webtiles) character file.

Game seed: 7786359426911117715

554 Darius099 the Ruffian (level 7, -5/106 HPs)
             Began as a Troll Berserker on Jan 20, 2023.
             Was a Priest of Trog.
             Slain by a gnoll
             ... wielding a +0 halberd
             ... led by a gnoll sergeant
              (15 damage)
             ... on level 5 of the Dungeon.
             The game lasted 00:03:54 (2530 turns).

Darius099 the Ruffian (Troll Berserker)             Turns: 2530, Time: 00:03:54

Health: -5/106     AC:  4    Str: 26    XL:     7   Next: 8%
Magic:  6/6        EV: 11    Int:  3    God:    Trog [***...]
Gold:   205        SH:  0    Dex: 11    Spells: 6/6 levels left

rFire   . . .      SeeInvis .      - Unarmed
rCold   . . .      Faith    .    (no shield)
rNeg    + . .      Spirit   .    t - +0 robe
rPois   .          Reflect  .    (helmet restricted)
rElec   .          Harm     .    (no cloak)
rCorr   .          Rampage  .    (gloves unavailable)
Will    .....                    (boots unavailable) Stlth
                                 (no amulet)
HPRegen 1.17/turn                l - ring of positive energy
MPRegen 0.10/turn                m - ring of flight

@: berserking, flying, very quick
A: large, unfitting armour, claws 3, regeneration 1, shaggy fur 1, tough skin 1
a: Renounce Religion, Berserk, Trog's Hand


You were on level 5 of the Dungeon.
You worshipped Trog.
Trog was most pleased with you.
You visited 1 branch of the dungeon, and saw 5 of its levels.

You collected 205 gold pieces.

Inventory:

Armour
 t - a +0 robe (worn)
Jewellery
 l - a ring of positive energy (left claw)
 m - a ring of flight (right claw)
 n - a ring of fire
Wands
 q - a wand of flame (21)
Scrolls
 a - a scroll of fear {unknown}
 c - a scroll of magic mapping {unknown}
 e - 4 scrolls of identify {unknown}
 i - 2 scrolls of blinking {unknown}
 j - a scroll of silence {unknown}
 o - 2 scrolls of fog {unknown}
 p - a scroll of enchant armour {unknown}
 r - a scroll of poison {unknown}
 s - a scroll of vulnerability {unknown}
 u - a scroll of noise {unknown}
 v - a scroll of teleportation {unknown}
Potions
 b - a potion of resistance {unknown}
 d - 4 potions of flight {unknown}
 f - a potion of mutation {unknown}
 g - 3 potions of might {unknown}
 h - 2 potions of heal wounds {unknown}
 k - 2 potions of attraction {unknown}
 w - a potion of curing {unknown}


   Skills:
 + Level 4.3 Fighting
 + Level 4.3 Dodging
 + Level 5.3 Unarmed Combat


You had 6 spell levels left.
You didn't know any spells.
Your spell library was empty.

Dungeon Overview and Level Annotations

Branches:
Dungeon (5/15)             Temple (0/1) D:5

Altars:


Innate Abilities, Weirdness & Mutations

You are too large for most types of armour.
You have claws for hands.
Your natural rate of healing is unusually fast.
You are covered in fur. (AC +1)
You have tough skin. (AC +1)


Message History

There are monsters nearby!
Unknown command.
There are monsters nearby!
Unknown command.
There are monsters nearby!
Unknown command.
There are monsters nearby!
Unknown command.
There are monsters nearby!
Unknown command.
Unknown command.
Unknown command.
Unknown command.
Unknown command.
Unknown command.
There are monsters nearby!
Unknown command.
There are monsters nearby!
Unknown command.
There are monsters nearby!
Unknown command.
There are monsters nearby!
Unknown command.
There are monsters nearby!
Unknown command.
Unknown command.
Unknown command.
Unknown command.
Unknown command.
You claw the gnoll sergeant!
The gnoll sergeant is severely wounded.
The gnoll sergeant hits you with a +0 spear!
* * * LOW HITPOINT WARNING * * *
The gnoll barely misses you.
You completely miss the gnoll sergeant.
The gnoll sergeant is severely wounded.
A red film seems to cover your vision as you go berserk!
You feel yourself moving faster!
You feel mighty! The gnoll hits you with a +0 halberd!
You die...

#.......#####......
##........#.........
#...........##..⌠...
##............#......
#..................>.
#............<#..)...
..##.............#..⌠...
........................
......g@.........#......
......g.).......###.##.#
................# #.....
...............## ##....
..........!....# #....
.............### #.....
##........#### #.....(
##.......# ...##... .###
#...


You could see a gnoll sergeant and a gnoll.

Vanquished Creatures
  An ogre (D:4)
  2 hounds (D:4)
  3 orc priests (D:4)
  Jessica (D:2)
  An orc wizard (D:3)
  Natasha (twice) (D:2)
  Robin (D:3)
  5 gnolls
  5 adders
  A shadow imp (D:4)
  An ufetubus (D:4)
  A worm (D:4)
  14 orcs
  6 ball pythons
  2 bats
  5 endoplasms
  6 giant cockroaches
  18 goblins
  7 hobgoblins
  5 kobolds
  5 quokkas
  3 frilled lizards
  5 rats
100 creatures vanquished.

Vanquished Creatures (others)
  19 plants
19 creatures vanquished.

Grand Total: 119 creatures vanquished

Notes
Turn   | Place    | Note
-------+----------+-------------------------------------------
     0 | D:1      | Darius099 the Troll Berserker began the quest for the Orb.
     0 | D:1      | Reached XP level 1. HP: 22/22 MP: 0/0
   140 | D:1      | Reached XP level 2. HP: 29/29 MP: 1/1
   310 | D:1      | Found a faded altar of an unknown god.
   577 | D:2      | Reached XP level 3. HP: 36/36 MP: 2/2
   629 | D:2      | Reached ** piety under Trog
   710 | D:2      | Noticed Natasha
   721 | D:2      | Killed Natasha
   722 | D:2      | Reached XP level 4. HP: 41/45 MP: 3/3
   792 | D:2      | Noticed Jessica
   797 | D:2      | Killed Jessica
   880 | D:2      | Noticed Natasha
   885 | D:2      | Killed Natasha
   886 | D:2      | Reached skill level 4 in Unarmed Combat
  1078 | D:3      | Reached XP level 5. HP: 52/53 MP: 4/4
  1271 | D:3      | Noticed Robin
  1311 | D:3      | Killed Robin
  1453 | D:3      | Reached *** piety under Trog
  1904 | D:4      | Reached XP level 6. HP: 61/62 MP: 5/5
  1949 | D:4      | Reached skill level 5 in Unarmed Combat
  2259 | D:4      | Reached XP level 7. HP: 70/70 MP: 6/6
  2492 | D:5      | Entered Level 5 of the Dungeon
  2494 | D:5      | Found a staircase to the Ecumenical Temple.
  2530 | D:5      | Slain by a gnoll

Illustrated notes

Levels and vault maps discovered:
D:1:      nicolae_arrival_somewhat_less_tricky_arrival, layout_rooms,
          chequers_ecumenical_altar_island
D:2:      layout_rooms, kennysheep_another_room, uniq_jessica, uniq_natasha
D:3:      layout_loops_ring, guppyfry_early_lair_pool, uniq_robin
D:4:      layout_cave_pods
D:5:      layout_cave_pods, minmay_temple_entry_large_hall,
          nicolae_grassy_gnolls

Skill      XL: |  1  2  3  4  5  6 |
---------------+-------------------+-----
Fighting       | 3 4 |  4.3
Dodging        | 3 4 |  4.3
Unarmed Combat | 4 5 |  5.3

Action                   |  1- 3 |  4- 6 |  7- 9 || total
-------------------------+-------+-------+-------++-------
Melee: Unarmed           |    83 |   159 |    22 ||   264
       Punch             |       |     2 |     2 ||     4
Invok: Berserk           |       |     1 |     1 ||     2
Armor: Animal skin       |    23 |    34 |       ||    57
       Robe              |       |    12 |     3 ||    15
Dodge: Dodged            |    46 |    95 |     9 ||   150

Table legend: (Time is in decaauts)
 A = Elapsed time spent in this place.
 B = Non-inter-level travel time spent in this place.
 C = Inter-level travel time spent in this place.
 D = Time resting spent in this place.
 E = Time spent auto-exploring this place.
 F = Levels seen in this place.
 G = Mean time per level.
                   A        B        C        D        E       F      G
               +--------+--------+--------+--------+--------+-----+--------+
         Total |   2529 |   2321 |    208 |     46 |   1682 |   5 |  505.8 |
       Dungeon |   2529 |   2321 |    208 |     46 |   1682 |   5 |  505.8 |
               +--------+--------+--------+--------+--------+-----+--------+

Top non-repeatable levels by time:
     D:4: 796 daAuts
     D:3: 751 daAuts
     D:1: 548 daAuts
     D:2: 396 daAuts
     D:5: 36 daAuts
